 Dungeon Crawl Stone Soup version 0.20-a0-1109-ge3cd172 (webtiles) character file.

520 grindst0ne the Skirmisher (level 7, -7/59 HPs)
             Began as a Formicid Fighter on May 5, 2017.
             Was an Initiate of Makhleb.
             Mangled by an orc warrior
             ... wielding a +0 dire flail
              (17 damage)
             ... on level 5 of the Dungeon on May 6, 2017.
             The game lasted 00:17:51 (4690 turns).

grindst0ne the Skirmisher (Formicid Fighter)        Turns: 4690, Time: 00:17:51

Health: -7/59      AC: 11    Str: 20    XL:     7   Next: 45%
Magic:  7/7        EV:  8    Int:  8    God:    Makhleb [......]
Gold:   130        SH: 11    Dex: 12    Spells: 6/6 levels left

rFire    + . .     SeeInvis +   a - +0 war axe
rCold    . . .     Gourm    .   u - +2 shield
rNeg     . . .     Faith    .   v - +2 ring mail {rF+}
rPois    .         Spirit   .   (helmet unavailable)
rElec    .         Reflect  .   A - +0 cloak
rCorr    .         Harm     .   m - +0 pair of gloves
MR       .....                  t - +0 pair of boots
Stlth    +.........             (no amulet)
Regen    0.2/turn               (no ring)
MPRegen  0.1/turn               (no ring)

@: no status effects
A: permanent stasis, dig shafts and tunnels, four strong arms, antennae 3
a: Dig, Shaft Self, Renounce Religion


You were on level 5 of the Dungeon.
You worshipped Makhleb.
Makhleb was noncommittal.
You were very hungry.

You visited 2 branches of the dungeon, and saw 6 of its levels.

You collected 226 gold pieces.
You spent 96 gold pieces at shops.

Inventory:

Hand Weapons
 a - a +0 war axe (weapon)
 y - a +0 mace of draining
Missiles
 s - 5 javelins (quivered)
Armour
 b - a +0 scale mail
 c - a +0 shield
 m - a +0 pair of gloves (worn)
 t - a +0 pair of boots (worn)
 u - a +2 shield (worn)
 v - a +2 ring mail of fire resistance (worn)
 x - a +1 helmet
 A - a +0 cloak (worn)
Jewellery
 p - an uncursed ring of magical power {unknown}
Wands
 i - a wand of scattershot (4/9)
 w - a wand of random effects (21/48)
Scrolls
 e - 2 scrolls of recharging {unknown}
 h - 3 scrolls of remove curse {unknown}
 j - a scroll of random uselessness {unknown}
 l - a scroll of immolation {unknown}
 n - 2 scrolls of identify {unknown}
 B - a scroll of enchant weapon {unknown}
 D - a scroll of teleportation {unknown}
 E - a scroll of fear {unknown}
 F - 2 scrolls of amnesia {unknown}
 G - a scroll of fog {unknown}
Potions
 d - a potion of might
 g - 2 potions of agility {unknown}
 k - 2 potions of haste {unknown}
 o - 2 potions of brilliance {unknown}
 q - a potion of ambrosia {unknown}
 z - 2 potions of curing {unknown}
 H - a potion of mutation
 I - a potion of flight {unknown}
Books
 C - a book of Minor Magic

   Spells                             Type                      Level
   a - Magic Dart                     Conjuration                  1
   b - Blink                          Translocation                2
   c - Call Imp                       Summoning                    2
   d - Slow                           Hexes                        2
   e - Conjure Flame                  Conjuration/Fire             3
   f - Mephitic Cloud                 Conjuration/Poison/Air       3
Comestibles
 f - a bread ration
 r - a meat ration


   Skills:
 + Level 6.4 Fighting
 + Level 5.7 Axes
 - Level 3.2 Armour
 - Level 3.6 Shields


You had 6 spell levels left.
You didn't know any spells.

Dungeon Overview and Level Annotations

Branches:
Dungeon (5/15)             Temple (1/1) D:5

Altars:
Ashenzari
Cheibriados
Elyvilon
Fedhas
Gozag
Hepliaklqana
Kikubaaqudgha
Makhleb
Nemelex Xobeh
Okawaru
Ru
Sif Muna
Trog
Vehumet
Zin
The Shining One

Shops:
D:4 !


Innate Abilities, Weirdness & Mutations

You cannot be hasted, slowed, berserked, paralysed or teleported.
You can dig through walls and to a lower floor.
Your four strong arms can wield two-handed weapons with a shield.
You have a pair of large antennae on your head. (SInv)


Message History

The orc warrior is moderately wounded.
You block the orc warrior's attack.
The orc warrior hits you with a dire flail.
You hit the orc warrior but do no damage.
The orc warrior is moderately wounded.
You block the orc warrior's attack.
You hit the orc warrior.
The orc warrior is heavily wounded.
The orc warrior hits you but does no damage.
You hit the orc warrior.
The orc warrior is severely wounded.
The orc warrior hits you with a dire flail.
* * * LOW HITPOINT WARNING * * *
You hit the orc warrior but do no damage.
The orc warrior is severely wounded.
The orc warrior hits you with a dire flail!
* * * LOW HITPOINT WARNING * * *
You block the orc warrior's attack.
The orc warrior hits you with a dire flail!
You die...

#...o###...####
#.#..# #.⌠.#
#.#.{# #...##
#.#..# #.##(##
#.#.o###...(.#
#.#........#(#
#.####o###..(#
#.# #o# ##.## #@#
#.# #.# #.#
##.####.#
.......[###
##.###....#
.......#.#
#.###....######.#
#.# ##...<.....#
....#########.#


You could see an orc warrior and an orc.

Vanquished Creatures
  A centaur (D:5)
  A scorpion (D:4)
  Crazy Yiuf (D:3)
  2 orc wizards (D:3)
  A worker ant (D:3)
  Natasha (thrice) (D:4)
  Robin (D:3)
  8 adders
  An ooze (D:1)
  3 worms
  A dart slug (D:2)
  A leopard gecko (D:3)
  12 orcs
  2 ball pythons
  10 bats
  3 giant cockroaches
  18 goblins
  13 hobgoblins
  2 jackals (D:3)
  9 kobolds
  A quokka (D:3)
  3 frilled lizards
  6 rats
103 creatures vanquished.

Notes
Turn   | Place    | Note
-------+----------+-------------------------------------------
     0 | D:1      | grindst0ne the Formicid Fighter began the quest for the Orb.
     0 | D:1      | Reached XP level 1. HP: 18/18 MP: 1/1
   225 | D:1      | Reached XP level 2. HP: 24/24 MP: 2/2
   621 | D:1      | Reached XP level 3. HP: 28/30 MP: 3/3
  1138 | D:2      | Found a hazy altar of Hepliaklqana.
  1306 | D:2      | Reached skill level 4 in Fighting
  1473 | D:2      | Reached XP level 4. HP: 37/37 MP: 4/4
  1877 | D:3      | Reached XP level 5. HP: 40/43 MP: 5/5
  2565 | D:3      | Reached skill level 5 in Fighting
  2684 | D:3      | Reached XP level 6. HP: 38/51 MP: 6/6
  2841 | D:3      | Noticed Robin
  2869 | D:3      | Killed Robin
  3171 | D:3      | Found a runed door.
  3175 | D:3      | Noticed Crazy Yiuf
  3183 | D:3      | Killed Crazy Yiuf
  3183 | D:3      | Reached skill level 5 in Axes
  3466 | D:4      | Noticed Natasha
  3472 | D:4      | Killed Natasha
  3495 | D:4      | Found a shattered altar of Ashenzari.
  3746 | D:4      | Noticed Natasha
  3750 | D:4      | Killed Natasha
  3764 | D:4      | Reached skill level 6 in Fighting
  3764 | D:4      | Reached XP level 7. HP: 53/58 MP: 7/7
  3964 | D:4      | Found Madakkim's Distillery.
  3967 | D:4      | Bought a potion of mutation for 96 gold pieces
  4022 | D:4      | Noticed Natasha
  4028 | D:4      | Killed Natasha
  4308 | D:5      | Entered Level 5 of the Dungeon
  4318 | D:5      | Found a staircase to the Ecumenical Temple.
  4340 | Temple   | Entered the Ecumenical Temple
  4614 | Temple   | Became a worshipper of Makhleb the Destroyer
  4690 | D:5      | Mangled by an orc warrior

Vault maps used:
D:1:      erik_arrival_cave_to_civilisation
D:2:      overflow_temple_1_default
D:3:      minmay_splitting_lines, minmay_fountain_box, uniq_grinder, uniq_robin,
          uniq_crazy_yiuf_cottage
D:4:      serial_shops, kennysheep_mini, nicolae_ashenzari_panopticon,
          uniq_natasha
D:5:      minmay_temple_entry_junction, first_bread
Temple:   regret_index_temple_waves

Skill      XL: |  1  2  3  4  5  6 |
---------------+-------------------+-----
Fighting       | 4 5 6 |  6.4
Axes           | 3 4 5 |  5.7
Armour         | |  3.2
Shields        | |  3.6

Action                   |  1- 3 |  4- 6 |  7- 9 || total
-------------------------+-------+-------+-------++-------
Melee: War axe           |    86 |   158 |    34 ||   278
       Mace              |       |    15 |       ||    15
 Abil: Dig               |       |     9 |       ||     9
  Eat: Chunk             |     2 |     9 |     2 ||    13
Armor: Scale mail        |    63 |    56 |       ||   119
       Ring mail         |       |    25 |     7 ||    32
Dodge: Dodged            |    44 |    55 |     4 ||   103
Block: Shield            |    52 |   114 |    20 ||   186
